Map: 테라폼 - 래더 (공허)

Players

MaGiK

  • Race: Protoss Protoss
  • League: Gold

True - Winner!

  • Race: Zerg Zerg
  • League: Grandmaster

Event: Lycan League Weekly August #2

VOD

Have the link to the VOD?

Description

Time

  • Played on: Aug. 10, 2015, 12:59 p.m.
  • Length: 5:58
Show
View Real Time Build Order
Export as new Build Order

MaGiK Protoss 

Build Orders: 1 Gate Expand, Dark Templar Rush 

Get SALT Encoding   

  12  0:03  Probe  
  13  0:15  Probe  
  13  0:21  Pylon  
  14  0:39  Probe (Chrono Boost)  
  14  0:40  Gateway  
  15  0:48  Assimilator  
  15  0:51  Probe (Chrono Boost)  
  16  1:00  Probe (Chrono Boost)  
  17  1:08  Probe  
  18  1:20  Probe  
  19  1:34  Nexus  
  19  1:40  Cybernetics Core  
  19  1:48  Zealot  
  19  1:51  Probe  
  22  1:58  Pylon  
  22  2:10  Pylon  
  22  2:19  Twilight Council  
  22  2:23  Warp Gate (Chrono Boost)  
  22  2:32  Probe, Assimilator  
  23  2:41  Gateway  
  23  2:59  Gateway  
  23  3:01  Dark Shrine  
  23  3:14  Zealot (Chrono Boost)  
  25  3:24  Probe  
  25  3:25  Probe  
  27  3:38  Probe x2  
  29  3:50  Probe x2  
  29  4:13  Sentry  
  29  4:15  Dark Templar x2  
  33  4:24  Pylon  
  31  4:36  Mothership Core (Chrono Boost)  
  33  4:46  Dark Templar  
  35  5:04  Zealot x2  
  39  5:11  Gateway  
  39  5:15  Gateway  
  39  5:16  Gateway  
  39  5:19  Pylon  
  39  5:24  Pylon  
  39  5:25  Sentry  
  32  5:44  Dark Templar  
Show
View Real Time Build Order
Export as new Build Order

True Zerg - Winner!

Build Orders: Hatch First 

Get SALT Encoding   

  12  0:01  Drone  
  13  0:12  Overlord  
  13  0:17  Drone  
  14  0:31  Drone x2  
  16  0:35  Drone  
  17  0:54  Hatchery  
  16  1:06  Drone  
  16  1:07  Drone  
  16  1:08  Extractor  
  17  1:18  Spawning Pool  
  16  1:20  Drone  
  16  1:24  Drone  
  18  1:30  Drone  
  19  1:42  Overlord  
  19  1:52  Drone  
  20  2:01  Drone  
  21  2:06  Drone, Queen  
  21  2:07  Queen  
  26  2:11  Drone  
  27  2:17  Zergling x2  
  27  2:21  Metabolic Boost  
  28  2:24  Drone  
  28  2:29  Drone  
  30  2:35  Drone  
  31  2:38  Drone  
  31  2:44  Overlord  
  32  2:51  Hatchery  
  31  2:58  Queen  
  31  2:59  Drone x2  
  31  3:02  Drone  
  36  3:12  Zergling x4  
  38  3:15  Zergling x2  
  38  3:17  Overlord  
  38  3:18  Zergling x6  
  38  3:19  Zergling x2  
  43  3:22  Zergling x2  
  43  3:26  Overlord  
  44  3:35  Overlord  
  44  3:36  Zergling x4  
  44  3:38  Zergling x2  
  46  3:51  Zergling x2  
  46  3:52  Zergling x14  
  46  3:54  Zergling x2  
  56  3:55  Zergling x2  
  56  4:04  Zergling x2  
  56  4:06  Overlord  
  56  4:08  Zergling x2  
  58  4:14  Zergling x2  
  58  4:16  Zergling x2  
  59  4:18  Zergling x2  
  59  4:19  Zergling x2  
  59  4:20  Zergling x2  
  59  4:21  Zergling x4  
  59  4:22  Zergling x2  
  63  4:25  Zergling x8  
  63  4:29  Zergling x2  
  63  4:30  Zergling x2  
  68  4:36  Overlord  
  67  4:40  Zergling x2  
  67  4:43  Spore Crawler x2  
  67  4:44  Zergling x2  
  66  4:53  Spore Crawler  
  66  4:55  Zergling x2  
  66  4:56  Zergling x8  
  66  4:57  Zergling x6  
  66  5:14  Spawning Pool  
  57  5:45  Drone  
  57  5:46  Drone x11  

Tags
 
Add a new tag
Caveats
  • Supply blocks, unpowered buildings, or Contaminate may cause inaccurate times.
  • Supply counts are checked every 10 seconds.